Map: Eternal Empire LE

Players

Sarrel

  • Race: Terran Terran
  • League: Grandmaster
  • Spawn Location: 1:00

A.I. 1 (Harder) - Winner!

  • Race: Terran Terran
  • Spawn Location: 7:00

VOD

https://www.youtube.com/watch?v=iN2AJfoj5RE&list=PLhaCXeA_nfD3-GKd8QvKUHdUA2hvh1Zx3&index=5&t=0s

Description

Time

  • Played on: May 28, 2020, 10:52 a.m.
  • Length: 4:23
Show
View Real Time Build Order
Export as new Build Order

Sarrel Terran 

Build Orders:  

Get SALT Encoding   

  12  0:01  SCV  
  13  0:14  Supply Depot  
  13  0:18  SCV  
  14  0:36  Barracks  
  14  0:41  Refinery  
  14  0:55  Barracks  
  14  1:00  SCV  
  15  1:12  SCV  
  16  1:23  Reaper  
  17  1:26  Orbital Command  
  17  1:35  Refinery  
  17  1:43  Reaper  
  18  1:51  SCV  
  19  2:00  Reaper  
  20  2:04  SCV  
  21  2:08  Supply Depot  
  21  2:15  Reaper  
  22  2:16  SCV  
  22  2:28  Factory  
  22  2:33  SCV  
  22  2:36  Reaper  
  24  2:45  SCV  
  24  2:47  Reaper  
  26  2:51  Supply Depot  
  26  2:57  SCV  
  27  3:08  Reaper  
  27  3:09  SCV  
  29  3:13  Hellion  
  31  3:22  Reaper  
  32  3:34  Hellion  
  32  3:40  Command Center  
  34  3:44  Reaper  
  36  3:55  Starport  
  36  3:58  Factory Tech Lab  
  35  4:05  Supply Depot  
  35  4:09  SCV  
Show
View Real Time Build Order
Export as new Build Order

A.I. 1 (Harder) Terran - Winner!

Build Orders:  

Get SALT Encoding   

  12  0:00  SCV  
  13  0:13  SCV  
  14  0:18  Supply Depot  
  14  0:25  SCV  
  15  0:40  SCV  
  16  0:43  Barracks  
  16  0:49  Refinery  
  16  0:52  SCV  
  17  1:04  SCV  
  18  1:16  SCV  
  19  1:22  Supply Depot  
  19  1:28  SCV  
  19  1:30  Marine  
  21  1:42  Orbital Command, Barracks  
  21  1:50  Refinery, Barracks Tech Lab  
  21  2:03  Factory  
  21  2:08  Marine  
  20  2:25  SCV  
  20  2:26  Marauder  
  20  2:29  Marine  
  21  2:37  SCV  
  20  2:47  Marine  
  20  2:49  SCV  
  20  2:51  Hellion  
  21  3:01  SCV  
  21  3:09  Marine  
  20  3:13  Marine, SCV  
  21  3:26  SCV  
  22  3:27  Marauder  
  22  3:33  Marine  
  25  3:38  Supply Depot, SCV  
  26  3:48  Marine  
  26  3:50  SCV  
  26  3:51  Marine  
  28  4:03  SCV  
Tags
 
Matchup
TvT
Race
Terran
Spawn Locations
Cross Positions
Add a new tag
Caveats
  • Supply blocks, unpowered buildings, or Contaminate may cause inaccurate times.
  • Supply counts are checked every 10 seconds.